 Dungeon Crawl Stone Soup version 0.29.1-12-g30fa7ad0bf (webtiles) character file.

Game seed: 12373733366848252607

1117 fantasyman the Blocker (level 8, -2/63 HPs)
             Began as a Formicid Fighter on Dec 20, 2022.
             Was a Follower of the Shining One.
             Slain by a river rat (6 damage)
             ... summoned by Eustachio
             ... on level 5 of the Dungeon.
             The game lasted 00:07:02 (6818 turns).

fantasyman the Blocker (Formicid Fighter)           Turns: 6818, Time: 00:07:02

Health: -2/63      AC: 12    Str: 22      XL:     8   Next: 60%
Magic:  8/8        EV:  5    Int:  9      God:    the Shining One [*.....]
Gold:   411        SH: 19    Dex:  9 (13) Spells: 7/7 levels left

rFire   . . .      SeeInvis +   m - +0 hand axe
rCold   . . .      Faith    .   j - +0 tower shield
rNeg    . . .      Spirit   .   d - +0 chain mail
rPois   +          Reflect  +   (helmet unavailable)
rElec   .          Harm     .   o - +0 cloak
rCorr   .          Rampage  .   n - +0 pair of gloves
Will    .....                   (no boots)
Stlth   ..........              c - amulet of reflection
HPRegen 0.20/turn               g - ring of poison resistance
MPRegen 0.11/turn               (no ring)

@: glowing, studying Staves
A: permanent stasis, dig shafts and tunnels, antennae 3, four strong arms
a: Dig, Shaft Self, Renounce Religion, Divine Shield


You were on level 5 of the Dungeon.
You worshipped the Shining One.
The Shining One was aware of your devotion.
You visited 2 branches of the dungeon, and saw 7 of its levels.

You collected 411 gold pieces.

Inventory:

Hand Weapons
 m - a +0 hand axe (weapon)
Armour
 d - a +0 chain mail (worn)
 j - a +0 tower shield (worn)
 n - a +0 pair of gloves (worn)
 o - a +0 cloak (worn)
Jewellery
 c - an amulet of reflection (around neck)
 g - a ring of poison resistance (left hand)
 h - a ring of fire
Scrolls
 f - 4 scrolls of immolation
 p - 2 scrolls of amnesia
Potions
 a - 5 potions of haste {unknown}
 e - 2 potions of brilliance {unknown}
 i - a potion of heal wounds
 k - a potion of curing
 l - 2 potions of attraction


   Skills:
 * Level 5.5 Fighting
 + Level 5.1 Axes
 + Level 5.2 Armour
 * Level 9.1 Shields


You had 7 spell levels left.
You didn't know any spells.
Your spell library contained the following spells:

 Spells                   Type           Power      Damage    Failure   Level
 Sandblast                Erth           0%         2d4       100%        1
 Passwall                 Tmut/Erth      0%         N/A       100%        2
 Stone Arrow              Conj/Erth      0%         3d7       100%        3
 Summon Guardian Golem    Hex/Summ       0%         N/A       100%        3
 Orb of Destruction       Conj           0%         9d5       100%        7
 Spellforged Servitor     Conj/Summ      0%         N/A       100%        7


Dungeon Overview and Level Annotations

Branches:
Dungeon (6/15)             Temple (1/1) D:5

Altars:
Ashenzari
Kikubaaqudgha
Qazlal
Sif Muna
Trog
Uskayaw
Vehumet
Wu Jian
Xom
The Shining One

Annotations:
D:5 Eustachio
D:6 Maggie


Innate Abilities, Weirdness & Mutations

You cannot be hasted, slowed, berserked, paralysed or teleported.
You can dig through walls and to a lower floor.
You have a pair of large antennae on your head. (SInv)
Your four strong arms can wield two-handed weapons with a shield.


Message History

You block the crimson imp's attack.
The crimson imp disappears in a puff of smoke!
The white imp attacks as you move away!
The white imp hits you but does no damage.
The river rat attacks as you move away! You block the river rat's attack.
You block the white imp's attack. The white imp attacks as you move away!
You block the white imp's attack.
Eustachio gestures wildly while chanting.
The rat attacks as you move away! You block the rat's attack.
The river rat attacks as you move away! You block the river rat's attack.
Eustachio gestures wildly while chanting.
The river rat bites you.
* * * LOW HITPOINT WARNING * * *
The river rat attacks as you move away! You block the river rat's attack.
The river rat attacks as you move away! You block the river rat's attack.
You block the white imp's attack.
You hit the white imp.
The white imp is moderately wounded.
You hit the river rat but do no damage. You block the white imp's attack.
The river rat barely misses you.
You hit the white imp.
The white imp is severely wounded.
You hit the river rat. You block the white imp's attack.
The river rat bites you.
* * * LOW HITPOINT WARNING * * *
Eustachio gestures wildly while chanting.
You hit the white imp.
You kill the white imp!
The white imp disappears in a puff of smoke!
You closely miss the river rat.
The white imp disappears in a puff of smoke!
You block the bat's attack.
The river rat bites you but does no damage.
You block the river rat's attack. The bat hits you but does no damage.
The bat closely misses you. The bat barely misses you.
The bat attacks as you move away! You block the bat's attack.
The river rat attacks as you move away! The river rat bites you.
You die...

..#..###.####........# #.# #.#..#
###.#.........##...### #[###.#..#
#...##.##.######...# #.##.#...#
#.####..#.# #...# ##.#.###..# ..#
#..#.######...# ##.....#...# #.##
#..#.....)....# #....#....##
#..###..########..## ##.#.##.#.#
.....<.........<..# #.#.##.#.##
.#.###..###.....@.# #......#.#.
###.##..# #.###.br#####{#.#......
# ##....###.###....r{{5..........
###.###......>).#.#####.#.#....#.
.#.## #####.#.†.#.#####........#.
#.## #.#.................... ###
#.......#######.##.###. #########
#........ #########


You could see a river rat (summoned), a bat (summoned) and a rat (summoned).

Vanquished Creatures
  An ogre (D:4)
  A centaur (D:4)
  2 necrophages (D:5)
  4 scorpions
  4 hounds (D:5)
  3 orc priests
  Crazy Yiuf (D:3)
  4 iguanas
  3 orc wizards
  9 adders
  A gnoll (D:5)
  A shadow imp (D:5)
  A white imp (D:4)
  5 dart slugs
  10 orcs
  5 endoplasms
  A giant cockroach (D:4)
  4 goblins
  6 hobgoblins
  3 quokkas
  3 ball pythons
  7 bats
  3 frilled lizards
  7 kobolds
  3 rats (D:2)
92 creatures vanquished.

Vanquished Creatures (others)
  An ufetubus (D:6)
1 creature vanquished.

Grand Total: 93 creatures vanquished

Notes
Turn   | Place    | Note
-------+----------+-------------------------------------------
     0 | D:1      | fantasyman the Formicid Fighter began the quest for the
                  | Orb.
     0 | D:1      | Reached XP level 1. HP: 18/18 MP: 1/1
   150 | D:1      | Found a faded altar of an unknown god.
   181 | D:1      | Reached XP level 2. HP: 20/24 MP: 2/2
   960 | D:2      | Reached XP level 3. HP: 29/29 MP: 3/3
  1546 | D:3      | Reached XP level 4. HP: 28/37 MP: 4/4
  1849 | D:3      | Found a runed translucent door.
  1850 | D:3      | Noticed Crazy Yiuf
  2048 | D:3      | Killed Crazy Yiuf
  2049 | D:3      | Reached skill level 5 in Shields
  2049 | D:3      | Reached XP level 5. HP: 34/42 MP: 5/5
  2438 | D:4      | Reached skill level 6 in Shields
  2694 | D:4      | Reached XP level 6. HP: 48/48 MP: 6/6
  2789 | D:4      | Noticed an ogre
  2801 | D:4      | Killed an ogre
  2947 | D:4      | Reached skill level 7 in Shields
  2947 | D:4      | Reached XP level 7. HP: 51/55 MP: 7/7
  3512 | D:5      | Entered Level 5 of the Dungeon
  3517 | D:5      | Found a staircase to the Ecumenical Temple.
  3530 | Temple   | Entered the Ecumenical Temple
  3544 | Temple   | Became a worshipper of the Shining One
  4541 | D:5      | Reached skill level 8 in Shields
  4679 | Temple   | Reached skill level 5 in Fighting
  4679 | Temple   | Reached XP level 8. HP: 10/62 MP: 8/8
  5145 | Temple   | Reached skill level 5 in Armour
  5321 | D:5      | Found a stormy altar of Qazlal.
  6212 | D:6      | Noticed Eustachio
  6302 | D:6      | Reached * piety under the Shining One
  6306 | D:6      | Noticed Maggie
  6328 | D:6      | Found a shimmering altar of Xom.
  6767 | D:5      | Reached skill level 9 in Shields
  6769 | D:5      | Reached skill level 5 in Axes
  6813 | D:5      | HP: 3/63 [river rat[Eustachio] (3)]
  6818 | D:5      | Slain by a river rat

Illustrated notes

Levels and vault maps discovered:
D:1:      sevenhm_arrival_forest_fort_small_4, layout_rooms,
          dreamdust_ecumenical_altar_statues
D:2:      layout_rooms, amethyst_killhole, wander_ebering_terrifying_dragon_lair
D:3:      layout_rooms, nrook_campfire, uniq_crazy_yiuf_cottage
D:4:      layout_cave_pools
D:5:      layout_loops_ring, grunt_qazlal_sundering,
          minmay_temple_entry_slanted, kennysheep_doodads
D:6:      layout_cave_pools, xom_confusion_cloud, mainiacjoe_overflow_catwalk,
          grunt_ministairs_12, uniq_maggie, uniq_prince_ribbit1, uniq_eustachio
Temple:   eino_wide_crystal_templ

Skill      XL: |  1  2  3  4  5  6  7  8 |
---------------+-------------------------+-----
Armour         | 4 5 |  5.2
Shields        | 5 6 7 8 9 |  9.1
Fighting       | 4 5 |  5.5
Axes           | 3 4 5 |  5.1

Action                   |  1- 3 |  4- 6 |  7- 9 || total
-------------------------+-------+-------+-------++-------
Melee: War axe           |    54 |       |       ||    54
       Hand axe          |    32 |   106 |   198 ||   336
  Use: Scroll            |     4 |     2 |     4 ||    10
       Potion            |       |     2 |     1 ||     3
Armor: Scale mail        |    31 |    26 |       ||    57
       Chain mail        |       |     9 |   143 ||   152
Dodge: Dodged            |    21 |    20 |    58 ||    99
Block: Buckler           |     4 |       |       ||     4
       Tower shield      |    62 |   120 |   359 ||   541
       Reflection        |       |    11 |     5 ||    16
